 Dungeon Crawl Stone Soup version 0.27.0-1-g7a089689b8 (webtiles) character file.

Game seed: 10739064995899098353

87 gbaromhunter the Stinger (level 4, -6/36 HPs)
             Began as a Naga Venom Mage on Aug 12, 2021.
             Killed from afar by Terence (13 damage)
             ... with a puff of flame
             ... on level 3 of the Dungeon.
             The game lasted 00:15:07 (2893 turns).

gbaromhunter the Stinger (Naga Venom Mage)          Turns: 2893, Time: 00:15:08

Health: -6/36      AC:  5    Str: 11    XL:     4   Next: 51%
Magic:  1/7        EV: 10    Int: 16    God:
Gold:   119        SH:  0    Dex: 11    Spells: 2/8 levels left

rFire    . . .     SeeInvis +   b - +0 rapier (freeze)
rCold    . . .     Faith    .   (no shield)
rNeg     . . .     Spirit   .   a - +0 robe
rPois    +         Reflect  .   (no helmet)
rElec    .         Harm     .   g - +2 cloak
rCorr    .         Rampage  .   (no gloves)
Will     .....                  (no barding)
Stlth    ++........             (no amulet)
HPRegen  0.12/turn              (no ring)
MPRegen  0.10/turn              (no ring)

@: brilliant, very slow
A: AC +1, large, see invisible, deformed body, poison resistance, slowness 2,
spit poison 1, naga tail 1
a: Spit Poison


You were on level 3 of the Dungeon.
You visited 1 branch of the dungeon, and saw 3 of its levels.

You collected 119 gold pieces.

Inventory:

Hand Weapons
 b - a +0 rapier of freezing (weapon)
 h - a +0 vorpal war axe
 i - a +3 spear
Armour
 a - a +0 robe (worn)
 g - a +2 cloak (worn)
Magical Staves
 d - a staff of earth
Scrolls
 e - 2 scrolls of magic mapping {unknown}
 m - a scroll of immolation {unknown}
 n - a scroll of torment {unknown}
Potions
 c - 2 potions of brilliance
 f - a potion of might {unknown}
 k - a potion of magic {unknown}
 l - a potion of curing
 o - 2 potions of berserk rage {unknown}


   Skills:
 + Level 0.2 Fighting
 + Level 0.8 Short Blades
 + Level 1.8 Dodging
 + Level 3.3 Stealth
 + Level 2.6 Spellcasting
 + Level 1.2 Transmutations
 + Level 0.3 Air Magic
 + Level 5.4 Poison Magic


You had 2 spell levels left.
You knew the following spells:

 Your Spells              Type           Power      Damage    Failure   Level
a - Sting                 Tmut/Pois      76%        1d6       4%          1
b - Poisonous Vapours     Pois/Air       34%        N/A       9%          2
c - Mephitic Cloud        Conj/Pois/Air  12%        N/A       26%         3

Your spell library contained the following spells:

 Spells                   Type           Power      Damage    Failure   Level
 Magic Dart               Conj           12%        1d3       21%         1
 Passwall                 Tmut/Erth      5%         N/A       22%         2
 Call Imp                 Summ           3%         N/A       30%         2
 Olgreb's Toxic Radiance  Pois           29%        N/A       21%         4
 Swiftness                Air            4%         N/A       45%         3
 Call Canine Familiar     Summ           3%         N/A       52%         3
 Portal Projectile        Hex/Tloc       6%         N/A       52%         3
 Leda's Liquefaction      Hex/Erth       1%         N/A       89%         4
 Invisibility             Hex            1%         N/A       100%        6


Dungeon Overview and Level Annotations

Branches:
Dungeon (3/15)

Altars:
Ashenzari

Shops:
D:1 ?

Annotations:
D:3 Terence


Innate Abilities, Weirdness & Mutations

Your serpentine skin is tough. (AC +1)
You have supernaturally acute eyesight. (SInv)
Armour fits poorly on your strangely shaped body.
Your system is resistant to poisons. (rPois)
You cover ground very slowly.
You can spit poison.
You have a snake-like lower body.


Message History

The sting hits Terence but does no damage.
Terence looks as sick as possible!
Terence is lightly wounded.
Terence hits you with a +0 short sword.
Aiming: Sting (safe; 4% risk of failure)
Press: ? - help, Q - select action, (/) - cycle Shift-Dir - straight line, f/p - Terence
Aim: Terence, wielding a +0 short sword, wearing a +0 scale mail and carrying a wand of flame (21) (moderately wounded, extremely poisoned, 75% to hit)
The sting hits Terence but does no damage.
Terence looks as sick as possible!
Terence is moderately wounded.
Terence zaps a wand.
The puff of flame hits you.
* * * LOW HITPOINT WARNING * * *
It was a potion of brilliance.
You feel clever all of a sudden. Terence hits you but does no damage.
It was a potion of curing.
You feel better. Terence hits you but does no damage.
Aiming: Sting (safe; 4% risk of failure)
Press: ? - help, Q - select action, (/) - cycle Shift-Dir - straight line, f/p - Terence
Aim: Terence, wielding a +0 short sword, wearing a +0 scale mail and carrying a wand of flame (20) (moderately wounded, extremely poisoned, 77% to hit)
You feel a surge of power!
The sting hits Terence.
Terence looks as sick as possible!
Terence is heavily wounded.
Terence zaps a wand.
The puff of flame hits you!
As you read the scroll labelled IVUGAP LUJIATS, it crumbles to dust.
It is a scroll of brand weapon.
Your +0 rapier is covered with a thin layer of ice!
b - a +0 rapier of freezing (weapon)
Terence zaps a wand.
The puff of flame misses you.
You barely miss Terence.
Terence is heavily wounded.
Terence hits you but does no damage.
You barely miss Terence.
Terence is severely wounded.
Terence zaps a wand.
The puff of flame hits you!
* * * LOW HITPOINT WARNING * * *
You hit Terence but do no damage.
Terence is almost dead.
Terence zaps a wand.
The puff of flame hits you!
You die...

..# ..# ... (.# ♣♣♣♣♣.
## ... ..##.#....#
.####. #..
#.....>...........
###..##...........#####.
#.....#......!..# # #..
........).......#.# #..
......@@........#.#.....
......#....?......#.....
..... #.#.##.##.....#.##
..<. #.#....#...#....#.
#.........#........#....
.. .....)♣♣♣......##..##
. .....♣♣.♣♣.....#.♣.♣.
....♣♣ ♣.........#.#.
..... ♣...♣♣.....#♣.♣.


You could see Terence (extremely poisoned).

Vanquished Creatures
  2 adders (D:2)
  A worm (D:2)
  A dart slug (D:1)
  4 ball pythons
  3 bats
  3 endoplasms
  3 giant cockroaches
  8 goblins
  8 hobgoblins
  5 jackals (D:2)
  7 kobolds
  A quokka (D:2)
  3 frilled lizards
  7 rats
56 creatures vanquished.

Notes
Turn   | Place    | Note
-------+----------+-------------------------------------------
     0 | D:1      | gbaromhunter the Naga Venom Mage began the quest for the
                  | Orb.
     0 | D:1      | Reached XP level 1. HP: 15/15 MP: 3/3
    32 | D:1      | Found Qevehiti's Magic Scroll Boutique.
   102 | D:1      | Reached XP level 2. HP: 22/22 MP: 3/5
   582 | D:1      | Reached XP level 3. HP: 11/28 MP: 3/6
   812 | D:1      | Reached skill level 5 in Poison Magic
   953 | D:1      | Learned a level 2 spell: Poisonous Vapours
   957 | D:1      | Learned a level 3 spell: Mephitic Cloud
  1453 | D:2      | Reached XP level 4. HP: 30/36 MP: 3/7
  1742 | D:2      | Found a broken altar of Ashenzari.
  2877 | D:3      | Noticed Terence
  2893 | D:3      | Killed from afar by Terence

Illustrated notes

Levels and vault maps discovered:
D:1:      wander_arrival_chamber, layout_basic, serial_shops, shop
D:2:      layout_basic, basic_altar, minmay_split_cup_small
D:3:      layout_rooms, serial_forest, infiniplex_forest_side_room,
          infiniplex_forest_fountain, infiniplex_forest_straight_3,
          infiniplex_forest_lined_ring, infiniplex_forest_clump_small,
          infiniplex_forest_lined_2, infiniplex_forest_lined_room_2,
          infiniplex_forest_split, infiniplex_forest_lined_room_,
          infiniplex_forest_end_3, hex_tiny, uniq_terence

Skill      XL: |  1  2  3 |
---------------+----------+-----
Poison Magic   | 5 |  5.4
Fighting       | |  0.2
Short Blades   | |  0.8
Dodging        | |  1.8
Stealth        | |  3.3
Spellcasting   | |  2.6
Transmutations | |  1.2
Air Magic      | |  0.3

Action                   |  1- 3 |  4- 6 || total
-------------------------+-------+-------++-------
Melee: Rapier            |    51 |    44 ||    95
 Cast: Sting             |    30 |    21 ||    51
       Mephitic Cloud    |     1 |     1 ||     2
       Poisonous Vapours |       |     7 ||     7
  Use: Potion            |       |     2 ||     2
       Scroll            |       |     1 ||     1
 Stab: Sleeping          |     2 |       ||     2
Armor: Robe              |    21 |    18 ||    39
Dodge: Dodged            |    44 |    33 ||    77
